 Dungeon Crawl Stone Soup version 0.31-a0-848-gaac375c287 (webtiles) character file.

Game seed: 5739864329134949001

285 Getoffmy the Magician (level 6, 0/45 HPs)
             Began as a Draconian Hedge Wizard on Oct 4, 2023.
             Slain by Edmund
             ... wielding a +0 flail of protection
              (5 damage)
             ... on level 4 of the Dungeon.
             The game lasted 00:06:41 (3260 turns).

Getoffmy the Magician (Draconian Hedge Wizard)      Turns: 3260, Time: 00:06:41

Health: 0/45       AC:  6    Str: 13    XL:     6   Next: 7%
Magic:  3/12       EV: 12    Int: 16    God:
Gold:   227        SH:  0    Dex: 10    Spells: 10/13 levels left

rFire   . . .        a - +0 dagger
rCold   . . .        (no shield)
rNeg    + . .        (body armour unavailable)
rPois   .            b - +0 hat
rElec   .            (no cloak)
rCorr   .            (no gloves)
SInv    .            (no boots)
Will    .....        (no amulet)
Stlth   ++           f - ring of positive energy
HPRegen 0.27/turn    p - +4 ring of slaying
MPRegen 0.13/turn

%: no passive effects
@: no status effects
A: AC +6, unfitting armour, cold-blooded
a: no special abilities


You were on level 4 of the Dungeon.
You visited 1 branch of the dungeon, and saw 4 of its levels.

You collected 227 gold pieces.

Inventory:

Hand Weapons
 a - a +0 dagger (weapon)
 w - a +1 dagger of venom
 x - a +0 scythe of flaming
Missiles
 k - 25 stones
Armour
 b - a +0 hat (worn)
Jewellery
 f - a ring of positive energy (left hand)
 p - a +4 ring of slaying (right hand)
Wands
 v - a wand of polymorph (9)
Scrolls
 j - a scroll of fog {unknown}
 l - 5 scrolls of identify {unknown}
 n - a scroll of fear {unknown}
 o - 4 scrolls of teleportation {unknown}
 q - a scroll of poison {unknown}
 s - 2 scrolls of silence {unknown}
 t - a scroll of immolation {unknown}
Potions
 c - a potion of magic
 d - 3 potions of might {unknown}
 e - 3 potions of heal wounds {unknown}
 g - 2 potions of mutation {unknown}
 i - a potion of attraction {unknown}
 m - a potion of brilliance {unknown}
 r - a potion of curing {unknown}
 u - a potion of resistance {unknown}


   Skills:
 - Level 1.7 Dodging
 - Level 1.7 Stealth
 + Level 4.1 Spellcasting
 + Level 3.3 Conjurations
 * Level 4.1 Summonings
 - Level 1.0 Translocations


You had 10 spell levels left.
You knew the following spells:

 Your Spells              Type           Power      Damage    Failure   Level
a - Magic Dart            Conj           56%        1d5       4%          1
b - Call Imp              Summ           32%        N/A       4%          2

Your spell library contained the following spells:

 Spells                   Type           Power      Damage    Failure   Level
 Slow                     Hex            12%        N/A       17%         1
 Blink                    Tloc           12%        N/A       17%         2
 Cigotuvi's Dreadful Rot  Necr/Pois/Air  6%         N/A       26%         2
 Mephitic Cloud           Conj/Pois/Air  6%         N/A       32%         3


Dungeon Overview and Level Annotations

Branches:
Dungeon (4/15)
 Temple: D:4-7

Altars:
Cheibriados
Elyvilon
Fedhas
Kikubaaqudgha
The Shining One

Annotations:
D:4 Edmund


Innate Abilities, Weirdness & Mutations

Your plain brown scales are hard. (AC +6)
You cannot fit into any form of body armour.
You are cold-blooded and may be slowed by cold attacks.


Message History

Edmund is lightly wounded.
Your cerulean imp hits Edmund but does no damage.
Edmund asks, "Have you met my wondrous brother?"
Edmund barely misses you.
You hit Edmund. You tail-slap Edmund, but do no damage.
Edmund is lightly wounded.
Your cerulean imp hits Edmund but does no damage.
Edmund hits you with a +0 flail of protection!
You hit Edmund but do no damage.
Edmund is lightly wounded.
Your cerulean imp hits Edmund but does no damage.
Edmund hits you with a +0 flail of protection!
* * * LOW HITPOINT WARNING * * *
You hit Edmund but do no damage. You punch Edmund, but do no damage.
Edmund is lightly wounded.
Your cerulean imp hits Edmund but does no damage.
The dart slug launches a dart at you. The slug dart hits you.
* * * LOW HITPOINT WARNING * * *
Edmund closely misses you.
Your magical contamination has completely faded away.
You hit Edmund but do no damage. You tail-slap Edmund.
Edmund is lightly wounded.
Your cerulean imp disappears in a puff of smoke!
Edmund hits you but does no damage.
You hit Edmund but do no damage. You tail-slap Edmund.
Edmund is lightly wounded.
The dart slug barely misses you.
Edmund hits you with a +0 flail of protection.
* * * LOW HITPOINT WARNING * * *
You hit Edmund but do no damage.
Edmund is lightly wounded.
The dart slug launches a dart at you. The slug dart misses you.
Edmund barely misses you.
You hit Edmund.
Edmund is lightly wounded.
The dart slug bites you but does no damage.
Edmund hits you with a +0 flail of protection.
You die...
Edmund whines, "They better pay attention to me now!"

*,,,,*** #...***,#.....P.....
*,,,,,,** #.....*,#.#.P.......
**,,,,,,** #...#...###PP.......
****,,,,#**
#...###....P........
***,,..###...#######.........
**,.......)#######..)......
**....................#..#
**#.....@w###.#.......#.#
***####..@..#..#...#.#....
*,#......>..#.#...##......
*,####..##...<...#######.# *,*
##.##.....###### *.. ****,*
#.#...#..######****, **,,<,*
*#.#........####,,,,, **,,>,,**
*...............,,***
*,,,,,,,***......#####...#*,***
*,,,,,,,,,,......!######.#*,,,,


You could see Edmund and a dart slug.

Vanquished Creatures
  Natasha (thrice) (D:3)
  2 adders
  An endoplasm (D:1)
  2 giant cockroaches
  4 goblins
  3 hobgoblins
  3 quokkas
  4 ball pythons
  3 bats (D:2)
  A frilled lizard (D:1)
  6 kobolds
  3 rats
35 creatures vanquished.

Vanquished Creatures (collateral kills)
  Sigmund (D:2)
1 creature vanquished.

Grand Total: 36 creatures vanquished

Notes
Turn   | Place    | Note
-------+----------+-------------------------------------------
     0 | D:1      | Getoffmy the Draconian Hedge Wizard began the quest for the
                  | Orb.
     0 | D:1      | Reached XP level 1. HP: 14/14 MP: 4/4
   488 | D:1      | Reached XP level 2. HP: 20/20 MP: 1/6
   909 | D:2      | Upgraded the game from 0.31-a0-846-gb3bcc0d938 to
                  | 0.31-a0-848-gaac375c287
  1194 | D:2      | Found a glowing golden altar of the Shining One.
  1429 | D:2      | Noticed Sigmund
  1440 | D:2      | Learned a level 2 spell: Call Imp
  1680 | D:3      | Reached XP level 3. HP: 26/26 MP: 1/7
  1795 | D:3      | Found a snail-covered altar of Cheibriados.
  1836 | D:3      | Found a white marble altar of Elyvilon.
  1927 | D:3      | Noticed Natasha
  1936 | D:3      | Killed Natasha
  2205 | D:3      | Noticed Natasha
  2214 | D:3      | Killed Natasha
  2215 | D:3      | Reached XP level 4. HP: 25/33 MP: 2/9
  2332 | D:3      | Found a faded altar of an unknown god.
  2336 | D:3      | Found a blossoming altar of Fedhas.
  2463 | D:3      | Noticed Natasha
  2471 | D:3      | Killed Natasha
  2864 | D:2      | Killed Sigmund
  2865 | D:2      | Reached XP level 5. HP: 38/38 MP: 0/11
  2865 | D:2      | Reached XP level 6. HP: 45/45 MP: 0/12
  3090 | D:2      | Identified the +2 robe "Nahubbyr" {Slay+2}
  3183 | D:4      | Noticed Edmund
  3188 | D:4      | Found an ancient bone altar of Kikubaaqudgha.
  3260 | D:4      | Slain by Edmund

Illustrated notes

Levels and vault maps discovered:
D:1:      wander_arrival_lonely_grave, layout_basic
D:2:      layout_basic, basic_altar, uniq_sigmund
D:3:      layout_loops_ring, nicolae_overflow_ecumenical_swirl,
          mainiacjoe_overflow_alcove_2, cheibriados_altar_2,
          roderic_roman_lattice, uniq_natasha
D:4:      layout_rooms, kiku_gazebo_garden_becter, dk_yredelemnul_ordeal,
          nicolae_qazlal_general_emergency, serial_curves, eino_curves_02,
          eino_curves_02, eino_curves_01, eino_curves_01,
          minmay_misc_feat_cross, serial_bayou_pond_b, uniq_edmund

Skill      XL: |  1  2  3  4 |
---------------+-------------+-----
Conjurations   | 2 3 |  3.3
Summonings     | 2 4 |  4.1
Spellcasting   | 4 |  4.1
Dodging        | |  1.7
Stealth        | |  1.7
Translocations | |  1.0

Action                     |  1- 3 |  4- 6 || total
---------------------------+-------+-------++-------
  Melee: Dagger            |    40 |    20 ||    60
         Tailslap          |     4 |     4 ||     8
         Punch             |       |     1 ||     1
   Cast: Magic Dart        |    65 |    25 ||    90
         Call Imp          |       |     5 ||     5
    Use: Scroll            |       |     1 ||     1
 Armour: Skin              |    26 |    19 ||    45
  Dodge: Dodged            |    27 |    14 ||    41

Table legend: (Time is in decaauts)
 A = Elapsed time spent in this place.
 B = Non-inter-level travel time spent in this place.
 C = Inter-level travel time spent in this place.
 D = Time resting spent in this place.
 E = Time spent auto-exploring this place.
 F = Levels seen in this place.
 G = Mean time per level.
                   A        B        C        D        E       F      G
               +--------+--------+--------+--------+--------+-----+--------+
         Total |   3259 |   2982 |    277 |    858 |   1701 |   4 |  814.8 |
       Dungeon |   3259 |   2982 |    277 |    858 |   1701 |   4 |  814.8 |
               +--------+--------+--------+--------+--------+-----+--------+

Top non-repeatable levels by time:
     D:3: 1355 daAuts
     D:2: 916 daAuts
     D:1: 907 daAuts
     D:4: 79 daAuts
